 Dungeon Crawl Stone Soup version 0.28-a0-390-gb254ac4902 (webtiles) character file.

Game seed: 4823235168915963856

3929 dar the Merchant of Misery (level 10, -6/59 HPs)
             Began as a Vampire Necromancer on Sept 3, 2021.
             Was a Believer of Kikubaaqudgha.
             Mangled by a fire elemental (12 damage)
             ... summoned by a deep elf pyromancer
             ... on level 7 of the Dungeon.
             The game lasted 01:02:01 (14539 turns).

dar the Merchant of Misery (Vampire Necromancer)   Turns: 14539, Time: 01:02:02

Health: -6/59      AC:  6    Str:  1 (7)  XL:     10   Next: 1%
Magic:  21/21      EV: 17    Int: 17 (20) God:    Kikubaaqudgha [**....]
Gold:   218        SH:  6    Dex: 11 (16) Spells: 10/24 levels left

rFire   . . .      SeeInvis +   g - +3 mace
rCold   + + .      Faith    .   w - +2 buckler
rNeg    + + +      Spirit   .   e - +2 robe {Archmagi}
rPois   ∞          Reflect  .   (no helmet)
rElec   .          Harm     .   y - +0 cloak
rCorr   .          Rampage  .   (no gloves)
Will    +....      Archmagi +   c - +0 pair of boots
Stlth   +++++.....              (no amulet)
HPRegen 0.00/turn               m - +4 ring of evasion
MPRegen 0.17/turn               (no ring)

@: bloodless, inhibited regen
A: bloodless, fangs 3, see invisible, vampiric 2
a: Bat Form, Revivify, Renounce Religion, Receive Corpses


You were on level 7 of the Dungeon.
You worshipped Kikubaaqudgha.
Kikubaaqudgha was pleased with you.
You visited 2 branches of the dungeon, and saw 8 of its levels.

You collected 308 gold pieces.
You spent 90 gold pieces at shops.

Inventory:

Hand Weapons
 g - a +3 mace (weapon)
 k - a +0 spear of venom
Missiles
 f - 32 poisoned darts
 l - 7 atropa-tipped darts (quivered)
 r - 9 throwing nets
Armour
 c - a +0 pair of boots (worn)
 e - a +2 robe of the Archmagi (worn)
 j - a +2 ring mail of fire resistance
 w - a +2 buckler (worn)
 y - a +0 cloak (worn)
Jewellery
 m - a +4 ring of evasion (left hand)
Wands
 v - a wand of mindburst (9)
 A - a wand of flame (15)
Scrolls
 a - a scroll of holy word {unknown}
 b - a scroll of acquirement {unknown}
 d - a scroll of immolation {unknown}
 h - a scroll of brand weapon {unknown}
 p - a scroll of blinking {unknown}
 s - 3 scrolls of teleportation
 u - a scroll of magic mapping {unknown}
 x - 2 scrolls of identify
Potions
 i - 3 potions of brilliance
 n - 3 potions of ambrosia
 o - 4 potions of curing
 q - a potion of haste
 t - a potion of might {unknown}
 z - a potion of degeneration {unknown}


   Skills:
 + Level 5.2 Fighting
 - Level 6.0 Dodging
 - Level 6.0 Stealth
 + Level 3.7 Shields
 * Level 7.8 Spellcasting
 + Level 4.9 Hexes
 + Level 8.0 Necromancy


You had 10 spell levels left.
You knew the following spells:

 Your Spells              Type           Power      Damage    Failure   Level
a - Pain                  Necr           100%       1d9       1%          1
b - Vampiric Draining     Necr           25%        2d9       1%          3
c - Animate Dead          Necr           25%        N/A       4%          4
d - Sublimation of Blood  Necr           25%        N/A       1%          2
e - Cause Fear            Hex            17%        N/A       14%         4

Your spell library contained the following spells:

 Spells                   Type           Power      Damage    Failure   Level
 Animate Skeleton         Necr           100%       N/A       1%          1
 Corona                   Hex            38%        N/A       1%          1
 Apportation              Tloc           18%        N/A       11%         1
 Sting                    Tmut/Pois      36%        1d4       11%         1
 Summon Small Mammal      Summ           36%        N/A       11%         1
 Dazzling Flash           Conj/Hex       44%        N/A       12%         3
 Inner Flame              Hex/Fire       22%        N/A       12%         3
 Agony                    Necr           50%        N/A       12%         5
 Poisonous Vapours        Pois/Air       18%        N/A       17%         2
 Wereblood                Tmut           9%         N/A       17%         2
 Iskenderun's Mystic Bla  Conj/Tloc      9%         2d4       73%         4
 Olgreb's Toxic Radiance  Pois           9%         N/A       73%         4
 Silence                  Hex/Air        11%        N/A       73%         5
 Starburst                Conj/Fire      4%         6d4       100%        6
 Summon Hydra             Summ           4%         N/A       100%        7
 Discord                  Hex            17%        N/A       100%        8


Dungeon Overview and Level Annotations

Branches:
Dungeon (7/15)             Temple (1/1) D:5

Altars:
Ashenzari
Cheibriados
Elyvilon
Fedhas
Gozag
Hepliaklqana
Kikubaaqudgha
Makhleb
Nemelex Xobeh
Okawaru
Qazlal
Uskayaw
Vehumet
Wu Jian
Yredelemnul
Zin
The Shining One

Shops:
D:5 *   D:6 [

Annotations:
D:2 1 runed translucent door, Crazy Yiuf
D:5 Pikel
D:6 3 runed translucent doors, ratboy's ghost, amateur GnCA


Innate Abilities, Weirdness & Mutations

You do not regenerate when monsters are visible.
You are frail without blood (-20% HP).
You can heal yourself when you bite living creatures.
You are immune to poison.
You have razor-sharp teeth.
You have supernaturally acute eyesight. (SInv)
You are afflicted with vampirism and can become a bat while bloodless.


Message History

Your Necromancy skill increases to level 8!
You have reached level 10!
You feel agile.
You now have 218 gold pieces (gained 18).
You see here 28 stones.
Magic restored.
You open the gate.
The deep elf pyromancer shouts!
The deep elf pyromancer gestures at you while chanting.
The bolt of fire hits the plant!!
The plant begins to die.
The bolt of fire hits you!!
Ouch! That really hurt!
Okay, then.
There is an open gate here.
You are too injured to fight recklessly!
The deep elf pyromancer gestures at you while chanting.
The sticky flame hits you.
You are covered in liquid flames!
You are covered in liquid flames!
* * * LOW HITPOINT WARNING * * *
You are covered in liquid flames!
* * * LOW HITPOINT WARNING * * *
You are no longer on fire.
The deep elf pyromancer gestures at you while chanting.
The bolt of fire misses you.
You feel better.
The deep elf pyromancer mumbles some strange words.
The deep elf pyromancer mumbles some strange words.
The deep elf pyromancer blinks!
You see here a +0 long sword.
The fire elemental barely misses you. The fire elemental hits you.
The fire elemental burns you!
* * * LOW HITPOINT WARNING * * *
You feel better. The fire elemental hits you. The fire elemental burns you!
* * * LOW HITPOINT WARNING * * *
The fire elemental closely misses you. You block the fire elemental's attack.
The fire elemental hits you. The fire elemental burns you!
You die...
Kikubaaqudgha rasps: "You have failed me!
Welcome... oblivion!"

#.#..........
##.#..####.... ###
#............. ##.##
#..#..........
####.#.###............#
#<[.###[...............
#.##.#..........>.....#
#.###..###.##.........#
#.# ##@###..#.........#
#.# #E...........###.#
#.# #○####.#..##.# #[#
#.# ##○# #.#..##.###.#
#.# #.○####.#.........#
#.# #..##......#..#####
#.# #..##.#.####..####
#.# #..##.#..........#
#.# #..##.######..##.#


You could see a fire elemental (summoned).

Vanquished Creatures
  A deep elf pyromancer (D:7)
  Grinder (D:5)
  Prince Ribbit (D:7)
  Edmund (D:5)
  2 black bears
  An orc warrior (D:7)
  2 ice beasts (D:7)
  A necrophage (D:6)
  2 centaurs
  3 ogres
  A wolf (D:6)
  2 lemures
  2 scorpions
  4 gnoll sergeants (D:6)
  2 electric eels (D:6)
  A howler monkey (D:4)
  3 centaur zombies
  A gnoll shaman (D:6)
  7 hounds
  3 jellies
  A bullfrog zombie (D:6)
  2 centaur skeletons
  An orc priest (D:7)
  Terence (D:2)
  An orc wizard (D:7)
  Natasha (thrice) (D:2)
  3 iguanas
  A hound skeleton (D:5)
  30 gnolls
  5 adders
  A worm (D:3)
  3 dart slugs
  5 orcs
  A bat (D:1)
  3 endoplasms
  A giant cockroach (D:1)
  6 goblins
  7 hobgoblins
  14 jackals
  5 quokkas
  4 ball pythons
  2 frilled lizards (D:1)
  8 kobolds
  9 rats
158 creatures vanquished.

Vanquished Creatures (others)
  16 plants
16 creatures vanquished.

Grand Total: 174 creatures vanquished

Notes
Turn   | Place    | Note
-------+----------+-------------------------------------------
     0 | D:1      | dar the Vampire Necromancer began the quest for the Orb.
     0 | D:1      | Reached XP level 1. HP: 13/13 MP: 3/3
   336 | D:1      | Reached XP level 2. HP: 18/19 MP: 0/5
  1071 | D:1      | Found a faded altar of an unknown god.
  1354 | D:2      | Found a runed translucent door.
  1355 | D:2      | Noticed Crazy Yiuf
  1538 | D:2      | Gained mutation: You are afflicted with vampirism and can
                  | become a bat while bloodless. [Vampire growth]
  1538 | D:2      | Reached XP level 3. HP: 23/25 MP: 1/6
  1593 | D:2      | Noticed Terence
  1597 | D:2      | Killed Terence
  1598 | D:2      | Reached skill level 1 in Fighting
  1685 | D:2      | Learned a level 3 spell: Vampiric Draining
  1795 | D:2      | Reached XP level 4. HP: 25/25 MP: 4/8
  1828 | D:2      | Noticed Natasha
  1855 | D:2      | Killed Natasha
  1856 | D:2      | Reached skill level 5 in Necromancy
  2627 | D:2      | Noticed Natasha
  2635 | D:2      | Killed Natasha
  2636 | D:2      | Reached XP level 5. HP: 19/29 MP: 4/9
  3083 | D:3      | Found a blossoming altar of Fedhas.
  3084 | D:3      | Found a stormy altar of Qazlal.
  3295 | D:3      | Learned a level 4 spell: Animate Dead
  3995 | D:2      | Noticed Natasha
  4002 | D:2      | Killed Natasha
  4112 | D:4      | Found a basalt altar of Yredelemnul.
  4162 | D:4      | Noticed a black bear
  4367 | D:4      | Reached XP level 6. HP: 35/35 MP: 5/11
  4864 | D:4      | Reached skill level 5 in Stealth
  4915 | D:4      | Learned a level 2 spell: Sublimation of Blood
  5289 | D:5      | Entered Level 5 of the Dungeon
  5296 | D:5      | Found a staircase to the Ecumenical Temple.
  5302 | Temple   | Entered the Ecumenical Temple
  5370 | Temple   | Became a worshipper of Kikubaaqudgha
  5616 | D:5      | Noticed Grinder
  5632 | D:5      | Paralysed by Grinder for 6 turns
  5657 | D:5      | Paralysed by Grinder for 2 turns
  5665 | D:5      | Paralysed by Grinder for 5 turns
  5698 | D:5      | Killed Grinder
  5699 | D:5      | Reached XP level 7. HP: 6/45 MP: 13/13
  5965 | D:5      | Reached skill level 6 in Necromancy
  6571 | D:5      | Noticed Pikel
  7011 | D:4      | Reached skill level 5 in Spellcasting
  7335 | D:5      | Reached XP level 8. HP: 35/40 MP: 15/15
  7386 | D:5      | Found a hide-covered altar of Uskayaw.
  7497 | D:5      | Noticed Edmund
  7547 | D:5      | Killed Edmund
  7718 | D:5      | Found an ornate altar of the Wu Jian Council.
  7890 | D:5      | Reached skill level 1 in Shields
  7957 | D:5      | Reached skill level 5 in Dodging
  8245 | D:5      | Found Asto Hull's General Store.
  8248 | D:5      | Bought a scroll of enchant armour for 90 gold pieces
  8533 | D:6      | Found Rohipnom's Antique Armour Boutique.
  8971 | D:6      | Reached * piety under Kikubaaqudgha
  8971 | D:6      | Received a gift from Kikubaaqudgha
  9300 | D:5      | Upgraded the game from 0.28-a0-384-g9e0c098162 to
                  | 0.28-a0-390-gb254ac4902
  9614 | D:6      | Reached skill level 1 in Hexes
 10075 | D:6      | Reached skill level 7 in Necromancy
 10095 | D:6      | HP: 1/48 [electric eel/bolt of electricity (15)]
 10577 | D:6      | Reached XP level 9. HP: 52/52 MP: 7/18
 10817 | D:5      | Paralysed by Pikel for 6 turns
 10829 | D:5      | Paralysed by Pikel for 4 turns
 11124 | D:6      | Found a runed translucent gate.
 11124 | D:6      | Found a runed translucent gate.
 11124 | D:6      | Found a runed translucent gate.
 11125 | D:6      | Noticed an unseen horror
 11130 | D:5      | Found an iron altar of Okawaru.
 11152 | D:6      | Noticed ratboy's ghost (amateur GnCA)
 11158 | D:6      | Noticed a cyclops
 11525 | D:6      | Reached ** piety under Kikubaaqudgha
 12389 | D:7      | Noticed Prince Ribbit
 12407 | D:7      | Killed Prince Ribbit
 12771 | D:7      | Noticed a deep elf pyromancer
 13462 | D:7      | Learned a level 4 spell: Cause Fear
 13645 | D:7      | Killed a deep elf pyromancer
 13646 | D:7      | Reached skill level 5 in Fighting
 13832 | D:7      | Noticed a deep elf pyromancer
 14429 | D:7      | Reached skill level 8 in Necromancy
 14429 | D:7      | Reached XP level 10. HP: 55/59 MP: 13/21
 14539 | D:7      | Mangled by a fire elemental

Illustrated notes

Levels and vault maps discovered:
D:1:      psy_arrival_radial01, layout_basic, shapermc_ecumenical_altar_ellora
D:2:      layout_basic, grunt_ministairs_12, uniq_crazy_yiuf_cottage,
          uniq_natasha, uniq_terence
D:3:      layout_loops_ring, mainiacjoe_overflow_alcove_3
D:4:      layout_cave_pools, mainiacjoe_overflow_cross_hatched
D:5:      layout_basic, mainiacjoe_overflow_tiny_flanked,
          nzn_wu_jian_council_hall, nicolae_overflow_hidden_temple,
          minmay_temple_entry_hall, serial_shops, kennysheep_mini, minmay_holes,
          uniq_pikel, uniq_edmund, uniq_grinder
D:6:      layout_cave_pools, serial_gnoll_camp, gnoll_camp_mini_loothouse,
          gnoll_camp_mini_hut, gnoll_camp_mini_sergeant, gnoll_camp_huts_moat,
          gnoll_camp_mini_basic, gammafunk_ghost_split, nicolae_stop_n_shop_1
D:7:      layout_loops_ring, guppyfry_early_elven_hall, uniq_prince_ribbit1
Temple:   jpeg_temple_island

Skill      XL: |  1  2  3  4  5  6  7  8  9 |
---------------+----------------------------+-----
Fighting       | 1 2 3 4 5 |  5.2
Necromancy     | 5 6 7 8 |  8.0
Spellcasting   | 3 4 5 6 7 |  7.8
Dodging        | 3 4 5 6 |  6.0
Stealth        | 4 5 6 |  6.0
Shields        | 2 3 |  3.7
Hexes          | 1 4 |  4.9

Action                   |  1- 3 |  4- 6 |  7- 9 | 10-12 || total
-------------------------+-------+-------+-------+-------++-------
Melee: Mace              |     1 |    24 |   177 |       ||   202
       Bite              |       |     2 |    14 |       ||    16
Throw: Dart              |       |    15 |     2 |       ||    17
 Cast: Pain              |    53 |   129 |   259 |       ||   441
       Sublimation of Bl |       |     1 |       |       ||     1
       Vampiric Draining |       |       |    24 |       ||    24
 Abil: Exsanguinate      |     1 |       |     1 |       ||     2
       Revivify          |       |     1 |       |       ||     1
       End Transformatio |       |       |     5 |       ||     5
       Bat Form          |       |       |     5 |       ||     5
  Use: Scroll            |     2 |     3 |     6 |       ||    11
       Potion            |       |     1 |     2 |     2 ||     5
Armor: Robe              |     3 |     4 |    95 |     3 ||   105
Dodge: Dodged            |     4 |    44 |   326 |     3 ||   377
Block: Buckler           |       |       |    97 |     1 ||    98

Table legend: (Time is in decaauts)
 A = Elapsed time spent in this place.
 B = Non-inter-level travel time spent in this place.
 C = Inter-level travel time spent in this place.
 D = Time resting spent in this place.
 E = Time spent auto-exploring this place.
 F = Levels seen in this place.
 G = Mean time per level.
                   A        B        C        D        E       F      G
               +--------+--------+--------+--------+--------+-----+--------+
         Total |  14650 |  14366 |    284 |   5064 |   6107 |   8 | 1831.2 |
       Dungeon |  14365 |  14091 |    274 |   5064 |   5845 |   7 | 2052.1 |
        Temple |    285 |    275 |     10 |      0 |    262 |   1 |  285.0 |
               +--------+--------+--------+--------+--------+-----+--------+

Top non-repeatable levels by time:
     D:5: 3356 daAuts
     D:6: 3216 daAuts
     D:4: 1974 daAuts
     D:2: 1741 daAuts
     D:1: 1481 daAuts
     D:7: 1463 daAuts
     D:3: 1130 daAuts
  Temple: 285 daAuts
